 Dungeon Crawl Stone Soup version 0.18.1-6-gd335043 (webtiles) character file.

89 Scarto the Skirmisher (level 4, 0/37 HPs)
             Began as a Demonspawn Berserker on May 19, 2016.
             Was a Believer of Trog.
             Succumbed to a sickly siren's poison
             ... in a sewer.
             The game lasted 00:03:10 (1838 turns).

Scarto the Skirmisher (Demonspawn Berserker)        Turns: 1838, Time: 00:03:11

Health: 0/37       AC: 15    Str: 19    XL:     4   Next: 31%
Magic:  4/4        EV:  6    Int:  8    God:    Trog [**....]
Gold:   68         SH:  0    Dex: 11    Spells: 0 memorised, 3 levels left

rFire  . . .     SeeInvis .     a - +0 hand axe
rCold  . . .     Gourm    .     n - +0 plate armour
rNeg   . . .     Faith    .     (no shield)
rPois  .         Spirit   .     (no helmet)
rElec  .         Dismiss  .     (no cloak)
rCorr  .         Reflect  .     (no gloves)
SustAt .         Harm     .     (no boots)
MR     .....                    (no amulet)
Stlth  ..........               (no ring)
                                (no ring)

@: lethally poisoned (0 -> -11), mesmerised, not resistant to hostile
enchantments, extremely unstealthy
A: rough black scales 1
a: Berserk, Trog's Hand, Burn Spellbooks, Renounce Religion


You were in a sewer.
You worshipped Trog.
Trog was pleased with you.
You were not hungry.

You visited 1 branch of the dungeon, and saw 3 of its levels.
You also visited: Sewer.

You collected 68 gold pieces.

Inventory:

Hand Weapons
 a - a +0 hand axe (weapon)
Armour
 b - a +0 animal skin
 n - a +0 plate armour (worn)
Scrolls
 e - a scroll of recharging
Potions
 d - 2 potions of agility {unknown}
 g - a potion of heal wounds {unknown}
 i - a potion of curing {unknown}
 p - a potion of flight {unknown}
Comestibles
 c - a bread ration
 j - 3 meat rations


   Skills:
 + Level 3.7 Fighting
 + Level 3.0 Axes
 + Level 2.5 Armour
 + Level 2.8 Dodging


You had 3 spell levels left.
You didn't know any spells.

Dungeon Overview and Level Annotations

Branches:
Dungeon (3/15)

Altars:


Innate Abilities, Weirdness & Mutations

You are partially covered in rough black scales (AC +4, Dex -1).


Message History

Found 7 gold pieces.
Things that are here:
a rat corpse x2; a giant newt corpse You hit the sickly siren but do no damage.
You feel sick.
The sickly siren chants its luring song.
You hit the sickly siren.
The sickly siren is moderately wounded.
You feel sick.
The sickly siren hits you with a spear of venom!
* * * LOW HITPOINT WARNING * * *
You are more poisoned.
You closely miss the sickly siren.
The sickly siren is moderately wounded.
* * * LOW HITPOINT WARNING * * *
You feel sick.
The sickly siren chants its luring song.
You closely miss the sickly siren.
The sickly siren is lightly wounded.
You die...

### ≈...##
≈≈≈...#
#≈≈≈...#######
#≈≈≈≈≈.@.....#
#≈≈≈≈≈m≈†≈##.#
####≈###≈≈≈#.# ..
###≈≈≈###########
#$$
#≈≈≈≈≈≈≈≈≈≈≈≈≈≈
##
##########≈≈≈≈≈
######## #∩∩≈≈≈≈.
###≈≈≈.#


You could see a sickly siren.

Vanquished Creatures
  2 adders
  2 river rats
  A worm (D:2)
  2 dart slugs
  A giant gecko (Sewer)
  3 ball pythons
  6 bats
  5 giant cockroaches
  4 goblins
  2 hobgoblins (D:2)
  A kobold (D:1)
  2 quokkas (D:2)
  2 giant newts (Sewer)
  17 rats
50 creatures vanquished.

Notes
Turn   | Place    | Note
--------------------------------------------------------------
     0 | D:1      | Scarto the Demonspawn Berserker began the quest for the Orb.
     0 | D:1      | Reached XP level 1. HP: 18/18 MP: 1/1
   258 | D:1      | Gained mutation: You are partially covered in rough black scales (AC +4, Dex -1). [demonic ancestry]
   258 | D:1      | Reached XP level 2. HP: 24/24 MP: 2/2
   718 | D:2      | Reached ** piety under Trog
   997 | D:2      | Reached XP level 3. HP: 19/29 MP: 3/3
  1470 | D:3      | Found a glowing drain.
  1493 | Sewer    | Entered a sewer
  1527 | Sewer    | Reached XP level 4. HP: 20/36 MP: 4/4
  1837 | Sewer    | HP: 1/37 [poisoned by a sickly siren]
  1838 | Sewer    | Succumbed to a sickly siren's poison

Skill      XL: |  1  2  3 |
---------------+----------+-----
Dodging        | 2 |  2.8
Armour         | 2 |  2.5
Axes           | 3 |  3.0
Fighting       | |  3.7

Action                   |  1- 3 |  4- 6 || total
-------------------------+-------+-------++-------
Melee: Hand axe          |   143 |    51 ||   194
  Use: Scroll            |     7 |       ||     7
 Stab: Sleeping          |     1 |       ||     1
  Eat: Bread ration      |     1 |       ||     1
Armor: Animal skin       |    27 |       ||    27
       Plate armour      |    29 |    38 ||    67
Dodge: Dodged            |   104 |    22 ||   126
